Map: Eflorescencia EE

Players

matoskunk

  • Race: Protoss Protoss
  • League: Platinum
  • Spawn Location: 12:00

suincita

  • Race: Terran Terran
  • Spawn Location: 3:00

TATORREA - Winner!

  • Race: Protoss Protoss
  • League: Gold
  • Spawn Location: 6:00

MrFercho - Winner!

  • Race: Zerg Zerg
  • League: Gold
  • Spawn Location: 9:00

VOD

Have the link to the VOD?

Description

Time

  • Played on: July 26, 2020, 9:23 p.m.
  • Length: 7:48
Show
View Real Time Build Order
Export as new Build Order

matoskunk Protoss 

Build Orders:  

Get SALT Encoding   

  12  0:00  Probe  
  13  0:13  Probe  
  14  0:19  Pylon  
  14  0:25  Probe  
  15  0:37  Probe  
  16  0:43  Gateway  
  16  0:46  Probe  
  16  0:49  Assimilator  
  17  0:54  Probe  
  18  1:05  Probe  
  19  1:17  Probe  
  20  1:29  Probe  
  20  1:32  Cybernetics Core  
  21  1:46  Nexus  
  21  1:54  Pylon  
  21  1:56  Probe  
  22  2:03  Assimilator  
  22  2:12  Stalker  
  22  2:14  Probe  
  25  2:26  Probe  
  26  2:32  Pylon  
  26  2:38  Probe  
  27  2:46  Warp Gate  
  27  2:50  Gateway, Probe  
  28  2:52  Stalker  
  30  3:03  Probe  
  30  3:06  Probe  
  30  3:11  Probe  
  33  3:21  Probe  
  33  3:22  Stalker  
  33  3:26  Gateway  
  36  3:34  Probe  
  37  3:37  Twilight Council  
  37  3:41  Forge  
  37  3:42  Probe  
  37  3:46  Probe  
  39  3:52  Stalker  
  41  3:55  Stalker  
  41  3:57  Probe  
  41  4:02  Pylon  
  44  4:05  Probe  
  44  4:08  Probe  
  44  4:09  Blink  
  46  4:13  Probe  
  46  4:20  Probe, Protoss Ground Weapons Level 1  
  46  4:23  Sentry  
  50  4:31  Probe  
  50  4:33  Assimilator  
  50  4:37  Robotics Facility  
  51  4:41  Assimilator  
  51  4:43  Probe, Zealot  
  51  4:45  Zealot  
  56  5:10  Pylon  
  56  5:13  Zealot x3  
  61  5:18  Observer  
  62  5:32  Pylon  
  62  5:34  Gateway  
  62  5:36  Gateway  
  62  5:39  Gateway  
  62  5:45  Shield Battery  
  62  5:46  Pylon  
  62  5:50  Immortal  
  62  5:55  Probe  
  66  6:03  Probe  
  67  6:09  Robotics Facility  
  68  6:13  Probe  
  57  6:19  Zealot x2  
  57  6:20  Zealot  
  53  6:30  Immortal  
  57  6:38  Zealot  
  57  6:39  Zealot x3  
  65  6:41  Stalker x2  
  43  7:00  Zealot  
  43  7:01  Zealot x2  
  39  7:04  Sentry  
  33  7:09  Zealot  
  35  7:17  Zealot  
  33  7:25  Zealot  
  33  7:29  Zealot  
Show
View Real Time Build Order
Export as new Build Order

suincita Terran 

Build Orders:  

Get SALT Encoding   

  12  0:01  SCV  
  13  0:13  SCV  
  14  0:22  Supply Depot  
  14  0:25  SCV  
  15  0:44  SCV  
  15  0:47  Barracks  
  16  0:51  Refinery  
  16  0:56  SCV  
  17  1:27  SCV  
  17  1:28  Command Center  
  18  1:42  Marine  
  19  1:50  SCV  
  20  2:00  Marine  
  21  2:18  SCV  
  22  2:36  SCV  
  23  2:45  Factory  
  23  2:46  SCV  
  24  2:53  Refinery  
  24  2:58  SCV  
  25  3:01  Marine  
  25  3:02  Engineering Bay  
  25  3:05  Orbital Command  
  25  3:10  SCV  
  26  3:19  Reaper  
  27  3:22  SCV  
  28  3:33  Hellion  
  30  3:34  SCV  
  30  3:39  Supply Depot  
  31  3:44  Terran Infantry Weapons Level 1  
  31  3:51  Reaper, SCV  
  31  3:54  Hellion  
  35  4:01  Starport  
  35  4:16  SCV x2  
  37  4:23  Marine  
  38  4:39  Sensor Tower, Viking  
  38  4:41  Marine  
  41  4:49  Factory Tech Lab  
  41  4:50  Barracks  
  41  4:53  SCV  
  41  4:59  Reaper  
  43  5:09  Viking  
  43  5:14  Barracks  
  45  5:28  Supply Depot  
  45  5:50  Siege Tank  
  45  5:51  Supply Depot  
  45  5:52  Medivac  
  50  5:59  Barracks Reactor, Barracks Tech Lab  
  50  6:02  Marine  
  50  6:11  Missile Turret  
  40  6:20  Marine  
  40  6:24  Marine  
  39  6:38  Marine  
  39  6:39  Marine x2  
  29  6:42  Marine  
  29  6:47  Refinery  
  8  6:55  Marine  
  8  6:57  Marine  
  8  7:00  Marine  
  11  7:04  Marine  
  8  7:13  Marine  
  9  7:22  Marine  
Show
View Real Time Build Order
Export as new Build Order

TATORREA Protoss - Winner!

Build Orders:  

Get SALT Encoding   

  12  0:01  Probe  
  13  0:13  Probe  
  14  0:20  Pylon  
  14  0:25  Probe  
  15  0:38  Probe  
  16  0:43  Gateway  
  16  0:56  Probe  
  17  1:02  Assimilator  
  17  1:04  Probe  
  17  1:07  Pylon  
  18  1:12  Probe  
  19  1:21  Gateway  
  19  1:23  Probe  
  20  1:29  Assimilator  
  20  1:35  Probe  
  21  1:44  Cybernetics Core  
  21  1:47  Probe  
  22  2:01  Gateway  
  22  2:15  Probe  
  23  2:23  Robotics Facility  
  23  2:24  Warp Gate  
  23  2:26  Twilight Council  
  23  2:31  Gateway  
  23  2:46  Stalker  
  25  2:59  Charge  
  25  3:19  Immortal  
  29  3:23  Zealot  
  31  3:34  Pylon  
  33  4:01  Nexus  
  31  4:06  Pylon  
  31  4:07  Probe  
  31  4:08  Pylon  
  31  4:15  Probe  
  31  4:16  Zealot x2  
  36  4:21  Zealot  
  39  4:25  Probe  
  39  4:30  Zealot  
  42  4:37  Probe  
  43  4:49  Probe  
  43  4:50  Sentry  
  43  4:52  Zealot x2  
  50  5:20  Zealot x3  
  50  5:21  Zealot  
  58  5:28  Probe x2  
  60  5:36  Probe x2  
  62  5:44  Zealot x3  
  62  5:48  Zealot  
  70  6:11  Probe x2  
  62  6:23  Probe x2  
  58  6:42  Zealot x3  
  58  6:43  Zealot  
  60  7:02  Assimilator  
  60  7:07  Zealot x3  
  66  7:08  Assimilator  
  66  7:12  Gateway  
  66  7:14  Gateway  
  66  7:17  Gateway  
  66  7:21  Pylon  
  66  7:24  Pylon  
  66  7:28  Pylon x2  
  66  7:30  Zealot  
  66  7:31  Pylon, Zealot  
Show
View Real Time Build Order
Export as new Build Order

MrFercho Zerg - Winner!

Build Orders: Hatch First 

Get SALT Encoding   

  12  0:01  Drone  
  13  0:15  Overlord  
  13  0:18  Drone  
  14  0:34  Drone x2  
  16  0:54  Hatchery, Drone  
  16  0:57  Drone  
  16  1:01  Drone  
  18  1:11  Extractor  
  18  1:18  Spawning Pool  
  16  1:20  Drone  
  16  1:24  Drone  
  18  1:31  Drone  
  19  1:42  Drone  
  20  1:53  Overlord  
  20  2:04  Drone  
  20  2:06  Queen x2  
  20  2:08  Drone  
  26  2:16  Metabolic Boost  
  26  2:18  Zergling x4  
  28  2:38  Drone  
  28  2:39  Overlord, Drone  
  30  3:09  Zergling x4  
  30  3:10  Zergling x8  
  36  3:19  Queen  
  36  3:22  Drone x6  
  44  3:27  Baneling Nest  
  44  3:29  Drone  
  44  3:30  Evolution Chamber  
  44  3:31  Drone  
  44  3:38  Overlord  
  44  3:59  Drone x2  
  44  4:00  Overlord, Drone x3  
  44  4:01  Overlord  
  49  4:04  Zerg Melee Weapons Level 1  
  49  4:15  Queen  
  51  4:22  Zergling x8  
  55  4:30  Drone  
  55  4:31  Hatchery  
  55  4:40  Zergling x12  
  55  4:42  Zergling x4  
  63  4:46  Baneling  
  63  4:47  Baneling x4  
  63  5:10  Zergling x10  
  68  5:15  Overlord x2  
  68  5:16  Overlord x2  
  68  5:46  Zergling x18  
  77  5:53  Zergling x2  
  76  6:18  Zergling x2  
  76  6:19  Zergling x18  
  83  6:34  Zergling x2  
  83  6:35  Zergling x14  
  86  6:47  Zergling x10  
  90  7:00  Extractor  
  80  7:15  Zergling x20  
  78  7:26  Zergling x14  
Tags
 
Add a new tag
Caveats
  • Supply blocks, unpowered buildings, or Contaminate may cause inaccurate times.
  • Supply counts are checked every 10 seconds.